 Dungeon Crawl Stone Soup version 0.23-a0-143-g1adec7b (webtiles) character file.

5 Amnesiac the Chiller (level 1, -1/13 HPs)
             Began as a Mummy Ice Elementalist on Sept 2, 2018.
             Slain by an adder (5 damage)
             ... on level 2 of the Dungeon.
             The game lasted 00:00:36 (213 turns).

Amnesiac the Chiller (Mummy Ice Elementalist)        Turns: 213, Time: 00:00:36

Health: -1/13      AC:  2    Str: 11    XL:     1   Next: 66%
Magic:  0/4        EV: 12    Int: 14    God:
Gold:   25         SH:  0    Dex: 12    Spells: 4/5 levels left

rFire    x . .     SeeInvis .   c - +0 short sword
rCold    + . .     Gourm    .   (no shield)
rNeg     + + +     Faith    .   a - +0 robe
rPois    ∞         Spirit   .   (no helmet)
rElec    .         Reflect  .   (no cloak)
rCorr    .         Harm     .   (no gloves)
MR       .....                  (no boots)
Stlth    ++........             (no amulet)
HPRegen  0.04/turn              (no ring)
MPRegen  0.09/turn              (no ring)

@: no status effects
A: no food or potions, fire vulnerability, cold resistance 1, negative energy
resistance 3, torment resistance, unbreathing
a: no special abilities


You were on level 2 of the Dungeon.
You were not hungry.

You visited 1 branch of the dungeon, and saw 2 of its levels.

You collected 25 gold pieces.

Inventory:

Hand Weapons
 c - a +0 short sword (weapon)
Armour
 a - a +0 robe (worn)
Scrolls
 b - 2 scrolls of identify {!r, unknown}


   Skills:
 - Level 1.5 Dodging
 - Level 1.5 Stealth
 + Level 2.7 Spellcasting
   Level 0.7 Conjurations
 * Level 2.7 Ice Magic


You had 4 spell levels left.
You knew the following spells:

 Your Spells              Type           Power        Failure   Level  Hunger
a - Freeze                Ice            #...         7%          1    N/A

Your spell library contained the following spells:

 Spells                   Type           Power        Failure   Level  Hunger
 Throw Frost              Conj/Ice       #.....       16%         2    N/A
 Ozocubu's Armour         Chrm/Ice       #.......     36%         3    N/A
 Throw Icicle             Conj/Ice       #.......     71%         4    N/A
 Summon Ice Beast         Ice/Summ       #.......     77%         4    N/A

Dungeon Overview and Level Annotations

Branches:
Dungeon (2/15)

Altars:


Innate Abilities, Weirdness & Mutations

You do not eat or drink.
Your flesh is vulnerable to fire.
You are immune to poison.
Your flesh is cold resistant. (rC+)
You are immune to negative energy. (rN+++)
You are immune to unholy pain and torment.
You can survive without breathing.


Message History

Confirm with . or Enter, or press ? or * to list all spells.
Aiming: Freeze (safe; 8% risk of failure)
Press: ? - help, Shift-Dir - straight line, f - kobold
Aim: a kobold, wielding a short sword You freeze the kobold.
You kill the kobold!
Casting: Freeze (safe; 7% risk of failure)
Confirm with . or Enter, or press ? or * to list all spells.
You can't see any susceptible monsters within range! (Use Z to cast anyway.)
You see here a short sword.
Your magical contamination has completely faded away.
You now have 25 gold pieces (gained 3).
Found 5 gold pieces.
Things that are here:
a whip; a kobold corpse You see here a short sword.
c - a short sword You see here a frilled lizard corpse.
There is a stone staircase leading down here.
Wield which item (- for none, * to show all)? (? for menu, Esc to quit)
c - a +0 short sword (weapon)
You climb downwards.
An adder comes into view.
Found a leather armour and 4 gold pieces.
There is a stone staircase leading up here.
A kobold comes into view.
The kobold shouts!
The kobold throws a stone.
The stone hits you but does no damage.
You see here a stone.
There is a stone staircase leading up here.
Casting: Freeze (safe; 7% risk of failure)
Confirm with . or Enter, or press ? or * to list all spells.
Aiming: Freeze (safe; 7% risk of failure)
Press: ? - help, Shift-Dir - straight line, f - adder
Aim: an adder You freeze the adder.
The adder seems to slow down.
The adder is heavily wounded.
The adder bites you.
* * * LOW HITPOINT WARNING * * *
Casting: Freeze (safe; 7% risk of failure)
Confirm with . or Enter, or press ? or * to list all spells.
Aiming: Freeze (safe; 7% risk of failure)
Press: ? - help, Shift-Dir - straight line, f/p - adder
Aim: an adder (heavily wounded, slow)
You freeze the adder.
The adder is severely wounded.
The adder barely misses you.
Casting: Freeze (safe; 7% risk of failure)
Confirm with . or Enter, or press ? or * to list all spells.
Aiming: Freeze (safe; 7% risk of failure)
Press: ? - help, Shift-Dir - straight line, f/p - adder
Aim: an adder (severely wounded, slow)
You freeze the adder.
The adder is almost dead.
The adder bites you.
* * * LOW HITPOINT WARNING * * *
Casting: Freeze (safe; 7% risk of failure)
Confirm with . or Enter, or press ? or * to list all spells.
You don't have enough magic to cast that spell.
Casting: Freeze (safe; 7% risk of failure)
Confirm with . or Enter, or press ? or * to list all spells.
You don't have enough magic to cast that spell.
The adder bites you.
You die...

#......#
#......#
#.....$#
#......#
#......##
#...K...#
#.......#
#[..S...#
####@##.#
###


You could see an adder and a kobold.

Vanquished Creatures
  A giant cockroach (D:1)
  A goblin (D:1)
  A frilled lizard (D:1)
  2 kobolds (D:1)
  A rat (D:1)
6 creatures vanquished.

Notes
Turn   | Place    | Note
-------+----------+-------------------------------------------
     0 | D:1      | Amnesiac the Mummy Ice Elementalist began the quest for the
                  | Orb.
     0 | D:1      | Reached XP level 1. HP: 13/13 MP: 4/4
   213 | D:2      | Slain by an adder

Vault maps used:
D:1:      sevenhm_arrival_forest_fort_small_4, serial_curves, eino_curves_03,
          eino_curves_03, eino_curves_04, minmay_pentomino_v2
D:2:      uniq_crazy_yiuf_cottage, uniq_terence

Action                   || total
-------------------------++-------
Melee: Unarmed           ||     8
 Cast: Freeze            ||     9
Armor: Robe              ||     4
Dodge: Dodged            ||     7

Table legend:
 A = Non-vault XP
 B = Vault XP
 C = Vault XP percentage of total XP
 D = Non-vault monster count
 E = Vault monster count
 F = Vault count percentage of total count
                 A         B        C        D         E       F
            +---------+---------+-------+---------+---------+-------
      Total |       8 |       0 |   0.0 |       6 |       0 |   0.0
            +---------+---------+-------+---------+---------+-------
        D:1 |       8 |       0 |   0.0 |       6 |       0 |   0.0
            +---------+---------+-------+---------+---------+-------
